 Dungeon Crawl Stone Soup version 0.28.0-43-g3370ac3207 (webtiles) character file.

Game seed: 8984061783915346217

144 pkoi the Sneak (level 5, -9/31 HPs)
             Began as an Octopode Air Elementalist on Mar 18, 2022.
             Mangled by an iguana (15 damage)
             ... on level 3 of the Dungeon.
             The game lasted 00:04:35 (4528 turns).

pkoi the Sneak (Octopode Air Elementalist)          Turns: 4528, Time: 00:04:35

Health: -9/31      AC:  1    Str:  8    XL:     5   Next: 27%
Magic:  3/9        EV: 13    Int: 19    God:
Gold:   195        SH:  0    Dex: 12    Spells: 3/10 levels left

rFire   . . .      SeeInvis .   a - +1 dagger
rCold   . . .      Faith    .   (no shield)
rNeg    . . .      Spirit   .   (helmet restricted)
rPois   .          Reflect  .   (no amulet)
rElec   .          Harm     .   (no ring)
rCorr   .          Rampage  .   (no ring)
Will    .....                   (no ring)
Stlth   ++++......              (no ring)
HPRegen 0.10/turn               (no ring)
MPRegen 0.11/turn               (no ring)
                                (no ring)
                                (no ring)

@: no status effects
A: almost no armour, amphibious, 8 rings, camouflage 1, gelatinous body 1,
(nimble swimmer 1), tentacles
a: no special abilities


You were on level 3 of the Dungeon.
You visited 1 branch of the dungeon, and saw 4 of its levels.

You collected 195 gold pieces.

Inventory:

Hand Weapons
 a - a +1 dagger (weapon)
Jewellery
 i - a ring of wizardry
Wands
 b - a wand of flame (30)
Scrolls
 d - a scroll of enchant weapon
Potions
 c - 5 potions of curing {unknown}
 e - 2 potions of attraction {unknown}
 f - a potion of brilliance {unknown}
 g - a potion of ambrosia {unknown}


   Skills:
 - Level 2.0 Dodging
 + Level 5.0 Stealth
 - Level 3.0 Spellcasting
 - Level 1.0 Conjurations
 + Level 4.2 Air Magic


You had 3 spell levels left.
You knew the following spells:

 Your Spells              Type           Power      Damage    Failure   Level
a - Shock                 Conj/Air       48%        1d6       5%          1
b - Static Discharge      Conj/Air       12%        N/A       8%          2
c - Swiftness             Air            19%        N/A       8%          3
d - Apportation           Tloc           4%         N/A       16%         1

Your spell library contained the following spells:

 Spells                   Type           Power      Damage    Failure   Level
 Animate Skeleton         Necr           4%         N/A       16%         1
 Summon Small Mammal      Summ           8%         N/A       16%         1
 Airstrike                Air            9%         N/A       26%         4


Dungeon Overview and Level Annotations

Branches:
Dungeon (4/15)
 Temple: D:4-7

Altars:
Elyvilon
Xom


Innate Abilities, Weirdness & Mutations

You cannot wear most types of armour.
You are amphibious.
You can wear up to eight rings at the same time.
Your skin changes colour to match your surroundings (Stealth+).
Your rubbery body absorbs attacks. (AC +1, EV +1)
((You are camouflaged when in or above water. (Stealth+)))
You have tentacles for arms and can constrict up to eight enemies at once.


Message History

There is a large open door here.
An iguana comes into view.
The zap hits the iguana.
The iguana is lightly wounded.
The zap hits the iguana.
The iguana is moderately wounded.
The zap hits the iguana.
The iguana is heavily wounded.
The zap misses the iguana.
You miscast Shock.
You are very lightly contaminated with residual magic.
Nothing appears to happen.
The zap hits the iguana but does no damage.
The iguana is heavily wounded.
Aiming: Shock (safe; 5% risk of failure)
Press: ? - help, Q - select action, (/) - cycle Shift-Dir - straight line, f/p - iguana
Aim: an iguana (heavily wounded, 72% to hit)
The zap hits the iguana.
The iguana is severely wounded.
Unknown command.
Your magical contamination has completely faded away.
The iguana bites you!
* * * LOW HITPOINT WARNING * * *
There is a stone staircase leading up here.
You see here a scroll of noise.
The iguana bites you!
* * * LOW HITPOINT WARNING * * *
You climb upwards.
There is a stone staircase leading down here.
The iguana misses you.
Aiming: Shock (safe; 5% risk of failure)
Press: ? - help, Q - select action, (/) - cycle Shift-Dir - straight line The zap hits the iguana but does no damage.
The iguana is heavily wounded.
The zap misses the iguana.
The iguana barely misses you.
Unknown command.
Okay, then.
The iguana bites you!
You die...

#.#.# #............#.
#.#.# #......#'#.....
####### #.#.#
#......#.#####.
#.....####.#+##
#......+.....(.
#.....'.......#
#......#.#####.
#.....####....#
##'#####.# #. ####'##
#....# #.# #.#####+ #.#
###'#######.#####.##....
#.#
#>..l@..........##....
#.#
###.......#####.##....
#.# #.####### #.##....
#.# #.# #..#.... #.# #.#
#####....... #.# #.#
#........... #.# #.#
#........... #.# #.#
#...........
#.#########.#
#####.....#.


You could see an iguana.

Vanquished Creatures
  An iguana (D:4)
  Robin (D:2)
  4 adders
  A worm (D:2)
  2 dart slugs
  An orc (D:3)
  5 ball pythons
  5 bats
  5 endoplasms
  3 giant cockroaches
  9 goblins
  7 hobgoblins
  6 jackals (D:3)
  2 frilled lizards (D:2)
  3 kobolds
  4 rats
59 creatures vanquished.

Notes
Turn   | Place    | Note
-------+----------+-------------------------------------------
     0 | D:1      | pkoi the Octopode Air Elementalist began the quest for the
                  | Orb.
     0 | D:1      | Reached XP level 1. HP: 11/11 MP: 3/3
   188 | D:1      | Reached skill level 3 in Stealth
   248 | D:1      | Reached XP level 2. HP: 16/17 MP: 1/5
   349 | D:1      | Found a faded altar of an unknown god.
   764 | D:2      | Reached XP level 3. HP: 21/21 MP: 0/6
  1240 | D:2      | HP: 1/21 [poisoned by an adder]
  1522 | D:2      | Learned a level 2 spell: Static Discharge
  1526 | D:2      | Learned a level 3 spell: Swiftness
  1564 | D:2      | Noticed Robin
  1579 | D:2      | Killed Robin
  1580 | D:2      | Reached skill level 4 in Stealth
  1580 | D:2      | Reached XP level 4. HP: 14/27 MP: 0/8
  2393 | D:3      | Learned a level 1 spell: Apportation
  3760 | D:3      | Reached XP level 5. HP: 31/31 MP: 7/9
  3943 | D:3      | Found a white marble altar of Elyvilon.
  3943 | D:3      | Found a shimmering altar of Xom.
  4254 | D:4      | Reached skill level 5 in Stealth
  4528 | D:3      | Mangled by an iguana

Illustrated notes

Levels and vault maps discovered:
D:1:      roderic_octagonal_star, layout_rooms,
          hellmonk_ecumenical_altar_run_dry
D:2:      layout_basic, uniq_robin
D:3:      layout_basic, mainiacjoe_overflow_divided_tiny
D:4:      layout_basic

Skill      XL: |  1  2  3  4  5 |
---------------+----------------+-----
Stealth        | 3 4 5 |  5.0
Spellcasting   | 3 |  3.0
Air Magic      | 4 |  4.2
Dodging        | |  2.0
Conjurations   | |  1.0

Action                   |  1- 3 |  4- 6 || total
-------------------------+-------+-------++-------
Melee: Dagger            |     3 |    16 ||    19
       Tentacles         |     2 |     6 ||     8
       Constrict         |     1 |     6 ||     7
 Cast: Shock             |    59 |    75 ||   134
  Use: Scroll            |       |     3 ||     3
Armor: Skin              |       |     1 ||     1
Dodge: Dodged            |     6 |    17 ||    23
